[Event "FIDE WCCC Girls-12 2024"]
[Site "Montesilvano"]
[Date "2024.11.18"]
[Round "1.17"]
[White "Budhram, Kaylee"]
[Black "Illes-Nagy, Nora"]
[Result "0-1"]
[ECO "A12"]
[WhiteElo "1614"]
[BlackElo "1803"]
[PlyCount "112"]
[EventDate "2024.11.18"]
[EventType "swiss"]
[EventCountry "ITA"]
[TimeControl "5400+30"]

1. d4 d5 2. c4 c6 3. Nf3 Nf6 4. e3 Bg4 5. h3 Bh5 6. Be2 e6 7. O-O Nbd7 8. Nc3 Bd6 9. b3 O-O 10. Bb2 Qe7 11. Re1 dxc4 12. Bxc4 e5 13. Be2 Bxf3 14. Bxf3 e4 15. Be2 Nd5 16. Rc1 f5 17. Bc4 N7f6 18. a4 Kh8 19. Bxd5 Nxd5 20. Nxd5 cxd5 21. Qe2 a6 22. Kh1 Qh4 23. Qf1 f4 24. exf4 Qxf4 25. g3 Qxf2 26. Qxf2 Rxf2 27. Ba1 Bxg3 28. Rf1 Rxf1+ 29. Rxf1 e3 30. Bc3 e2 31. Rg1 Bh4 32. Be1 Bxe1 33. Rxe1 Re8 34. Kg2 Kg8 35. Kf3 Kf7 36. Rxe2 Rxe2 37. Kxe2 Ke6 38. Ke3 g5 39. b4 b6 40. b5 axb5 41. axb5 Kf5 42. Kf3 h5 43. Kg3 Ke4 44. h4 gxh4+ 45. Kxh4 Kxd4 46. Kxh5 Ke3 47. Kg5 d4 48. Kf5 d3 49. Ke5 d2 50. Kd6 d1=Q+ 51. Kc6 Qd4 52. Kb7 Ke4 53. Ka7 Kd5 54. Kb7 Kd6 55. Ka7 Kc7 56. Ka8 Qa4# 0-1

[Event "FIDE WCCC Girls-12 2024"]
[Site "Montesilvano"]
[Date "2024.11.18"]
[Round "1.19"]
[White "Telyuk, Anastasiya"]
[Black "Li, Sophie"]
[Result "0-1"]
[ECO "C44"]
[WhiteElo "1603"]
[BlackElo "1798"]
[PlyCount "80"]
[EventDate "2024.11.18"]
[EventType "swiss"]
[EventCountry "ITA"]
[TimeControl "5400+30"]

1. e4 e5 2. Nf3 Nc6 3. d4 exd4 4. c3 dxc3 5. Nxc3 Bb4 6. Bc4 d6 7. O-O Bxc3 8. bxc3 Nf6 9. Bg5 h6 10. Bh4 O-O 11. Rb1 Bg4 12. Be2 b6 13. Nd4 Bxe2 14. Qxe2 Ne5 15. f4 Ng6 16. Nc6 Qe8 17. Bxf6 Qxc6 18. Bd4 Rfe8 19. Rbe1 Qd7 20. f5 Ne5 21. f6 g6 22. Qd2 Kh7 23. Rf4 g5 24. Rf5 Ng6 25. Qe2 Nf4 26. Qg4 h5 27. Qd1 Kh6 28. Be3 Rxe4 29. g4 Nh3+ 30. Kh1 Rxg4 31. Qd5 Re8 32. Rf3 Nf4 33. Qd2 Qc6 34. Ref1 Rg2 35. Qc1 Nd3 36. Qd1 Rxe3 37. Kxg2 g4 38. Qd2 Nf4+ 39. Kg1 Rxf3 40. Rxf3 Qxf3 0-1